 Dungeon Crawl Stone Soup version 0.28-a0-563-gf77a47075d (webtiles) character file.

Game seed: 16670487306718112168

37 iamoutofideas the Chopper (level 3, 0/33 HPs)
             Began as a Hill Orc Monk on Oct 1, 2021.
             Hit by a goblin thrown by Robin (2 damage)
             ... on level 2 of the Dungeon.
             The game lasted 00:00:49 (1145 turns).

iamoutofideas the Chopper (Hill Orc Monk)           Turns: 1145, Time: 00:00:49

Health: 0/33       AC:  2    Str: 14    XL:     3   Next: 39%
Magic:  3/3        EV: 12    Int: 10    God:
Gold:   46         SH:  0    Dex: 13    Spells: 2/2 levels left

rFire   . . .      SeeInvis .   a - +0 hand axe
rCold   . . .      Faith    .   (no shield)
rNeg    . . .      Spirit   .   b - +0 robe
rPois   .          Reflect  .   (no helmet)
rElec   .          Harm     .   (no cloak)
rCorr   .          Rampage  .   (no gloves)
Will    .....                   (no boots)
Stlth   ++........              (no amulet)
HPRegen 0.11/turn               (no ring)
MPRegen 0.08/turn               (no ring)

@: no status effects
A: no striking features
a: no special abilities


You were on level 2 of the Dungeon.
You visited 1 branch of the dungeon, and saw 2 of its levels.

You collected 46 gold pieces.

Inventory:

Hand Weapons
 a - a +0 hand axe (weapon)
Armour
 b - a +0 robe (worn)
 j - a +0 leather armour
Scrolls
 e - a scroll of immolation {unknown}
 g - a scroll of identify {unknown}
 h - a scroll of blinking {unknown}
 i - a scroll of amnesia {unknown}
 k - a scroll of holy word {unknown}
Potions
 c - a potion of mutation {unknown}
 d - 2 potions of might {unknown}
 f - 2 potions of curing {unknown}


   Skills:
 + Level 4.1 Fighting
 + Level 4.7 Axes
 + Level 2.8 Dodging
 - Level 1.6 Stealth


You had 2 spell levels left.
You didn't know any spells.
Your spell library was empty.

Dungeon Overview and Level Annotations

Branches:
Dungeon (2/15)

Altars:

Annotations:
D:2 Robin


Message History

You kill the goblin!
You hit the goblin but do no damage. x2; The endoplasm barely misses you.
The goblin hits you but does no damage.
The goblin unwields a +0 club.
The goblin wields a +0 hunting sling.
The goblin shoots a stone.
The stone hits you.
The goblin unwields a +0 club.
The goblin wields a +0 hunting sling.
The goblin shoots a stone.
The stone hits you. The goblin barely misses you.
You are too injured to fight recklessly!
Unknown command.
You are too injured to fight recklessly!
You are too injured to fight recklessly!
Found a leather armour.
The endoplasm freezes you.
You are frozen.
* * * LOW HITPOINT WARNING * * *
The quokka closely misses you.
A ball python comes into view.
A rat comes into view.
The goblin hits you with a +0 dagger.
* * * LOW HITPOINT WARNING * * *
The goblin unwields a +0 hunting sling.
The goblin wields a +0 club.
The goblin hits you but does no damage.
The goblin unwields a +0 hunting sling.
The goblin wields a +0 dagger.
The goblin closely misses you.
Things that are here:
a +0 club; a +0 dagger; a goblin corpse You are too injured to fight recklessly!
You slash the endoplasm!
You kill the endoplasm!
You closely miss the quokka. You hit the goblin.
You kill the goblin!
You hit the goblin.
You kill the goblin!
You hit the goblin. You closely miss the goblin. You hit the goblin.
The goblin no longer looks unusually strong.
The quokka closely misses you.
The goblin shoots a stone.
The stone hits you but does no damage. The goblin hits you with a +0 dagger.
* * * LOW HITPOINT WARNING * * *
The goblin hits you with a +0 club.
* * * LOW HITPOINT WARNING * * *
Robin throws the goblin at you!
You die...

.#.# ... ####..
###....# #....#.#
##....<.#
###..)..#.....#
..#...r)g.#..####
#....)@###..#
.....gggg...##
..?...K.....#
.......g.....#
.#<.#.........#
....#..........
.r. ..S...<....
.. ..........[.


You could see Robin, a quokka, a hobgoblin (strong), 4 goblins, a ball python, a
kobold and a rat.

Vanquished Creatures
  A dart slug (D:1)
  2 bats (D:1)
  5 endoplasms
  A giant cockroach (D:1)
  9 goblins (D:2)
  2 hobgoblins (D:1)
  4 quokkas (D:1)
  4 ball pythons (D:1)
  3 rats (D:1)
31 creatures vanquished.

Notes
Turn   | Place    | Note
-------+----------+-------------------------------------------
     0 | D:1      | iamoutofideas the Hill Orc Monk began the quest for the
                  | Orb.
     0 | D:1      | Reached XP level 1. HP: 19/19 MP: 1/1
   287 | D:1      | Reached XP level 2. HP: 23/27 MP: 2/2
   674 | D:1      | Reached XP level 3. HP: 29/33 MP: 3/3
  1132 | D:2      | Noticed Robin
  1145 | D:2      | Hit by a goblin thrown by Robin

Illustrated notes

Levels and vault maps discovered:
D:1:      psy_arrival_statuary, layout_basic
D:2:      layout_rooms, serial_shops, nicolae_lakefront_shop, basic_altar,
          minmay_pentomino_u4, uniq_robin

Skill      XL: |  1  2 |
---------------+-------+-----
Fighting       | 4 |  4.1
Axes           | |  4.7
Dodging        | |  2.8
Stealth        | |  1.6

Action                   || total
-------------------------++-------
Melee: Hand axe          ||    76
 Stab: Sleeping          ||     3
Armor: Robe              ||    21
Dodge: Dodged            ||    65

Table legend: (Time is in decaauts)
 A = Elapsed time spent in this place.
 B = Non-inter-level travel time spent in this place.
 C = Inter-level travel time spent in this place.
 D = Time resting spent in this place.
 E = Time spent auto-exploring this place.
 F = Levels seen in this place.
 G = Mean time per level.
                   A        B        C        D        E       F      G
               +--------+--------+--------+--------+--------+-----+--------+
         Total |   1150 |   1098 |     52 |    163 |    767 |   2 |  575.0 |
       Dungeon |   1150 |   1098 |     52 |    163 |    767 |   2 |  575.0 |
               +--------+--------+--------+--------+--------+-----+--------+

Top non-repeatable levels by time:
     D:1: 1136 daAuts
     D:2: 14 daAuts
